 Dungeon Crawl Stone Soup version 0.26-a0-1025-g006ef2cfcc (webtiles) character file.

Game seed: 1122986517838603616

50 Kraken2834 the Firebug (level 3, 0/28 HPs)
             Began as a Draconian Fire Elementalist on Dec 9, 2020.
             Succumbed to an adder's poison
             ... on level 2 of the Dungeon.
             The game lasted 00:04:05 (1498 turns).

Kraken2834 the Firebug (DrFE)                       Turns: 1498, Time: 00:04:06

Health: 0/28       AC:  5    Str: 10    XL:     3   Next: 55%
Magic:  1/6        EV: 12    Int: 16    God:
Gold:   25         SH:  0    Dex: 11    Spells: 6/7 levels left

rFire    . . .     SeeInvis .   f - +0 club
rCold    + . .     Faith    .   (no shield)
rNeg     . . .     Spirit   .   (armour unavailable)
rPois    .         Reflect  .   (helmet restricted)
rElec    .         Harm     .   (no cloak)
rCorr    .         Rampage  .   (no gloves)
Will     .....                  (no boots)
Stlth    ++........             (no amulet)
HPRegen  0.09/turn              g - ring of protection from cold
MPRegen  0.10/turn              (no ring)

@: mighty, brilliant, lethally poisoned (0 -> -4), flying
A: unfitting armour, cold-blooded, AC +5
a: no special abilities


You were on level 2 of the Dungeon.
You visited 1 branch of the dungeon, and saw 2 of its levels.

You collected 25 gold pieces.

Inventory:

Hand Weapons
 f - a +0 club (weapon)
Jewellery
 g - a ring of protection from cold (left hand)
Scrolls
 d - a scroll of remove curse
Potions
 b - a potion of flight


   Skills:
 * Level 1.3 Fighting
 - Level 1.8 Dodging
 - Level 2.0 Stealth
 + Level 2.5 Spellcasting
 + Level 1.6 Conjurations
 + Level 3.5 Fire Magic


You had 6 spell levels left.
You knew the following spells:

 Your Spells              Type           Power        Failure   Level
a - Foxfire               Conj/Fire      ###.         7%          1

Your spell library contained the following spells:

 Spells                   Type           Power        Failure   Level
 Conjure Flame            Conj/Fire      ###.....     21%         3
 Inner Flame              Hex/Fire       ##......     28%         3
 Sticky Flame             Conj/Fire      ###.....     56%         4
 Fireball                 Conj/Fire      ###.......   88%         5


Dungeon Overview and Level Annotations

Branches:
Dungeon (2/15)

Altars:


Innate Abilities, Weirdness & Mutations

Your plain brown scales are hard. (AC +5)
You cannot fit into any form of body armour.
You are cold-blooded and may be slowed by cold attacks.


Message History

The adder is severely wounded.
The foxfire hits the adder.
You kill the adder!
As you read the scroll labelled COOROINTIX, it crumbles to dust.
It is a scroll of identify.
d - a scroll of remove curse
* * * LOW HITPOINT WARNING * * *
You feel sick.
As you read the scroll labelled BUDUASE GUMETUFE, it crumbles to dust.
You assume a fearsome visage.
Nothing appears to happen.
It was a scroll of fear.
* * * LOW HITPOINT WARNING * * *
You feel sick.
* * * LOW HITPOINT WARNING * * *
You feel sick.
* * * LOW HITPOINT WARNING * * *
You feel sick.
* * * LOW HITPOINT WARNING * * *
You feel sick.
You die...

##.###### #.#....
#.......####.#.##.
##.####........##.
#.# ######......
###.#### #######
#......# #....#.#
#....#.# #.@..#.#
#.##.#.# #......#
####.### #.# #..
##


There were no monsters in sight!

Vanquished Creatures
  2 adders (D:2)
  2 dart slugs
  A ball python (D:1)
  2 bats (D:1)
  3 giant cockroaches
  A goblin (D:1)
  4 hobgoblins
  3 jackals
  A quokka (D:2)
  4 kobolds (D:1)
  4 rats
27 creatures vanquished.

Vanquished Creatures (others)
  91 foxfires
  A plant (D:1)
92 creatures vanquished.

Grand Total: 119 creatures vanquished

Notes
Turn   | Place    | Note
-------+----------+-------------------------------------------
     0 | D:1      | Kraken2834 the Draconian Fire Elementalist began the quest
                  | for the Orb.
     0 | D:1      | Reached XP level 1. HP: 14/14 MP: 3/3
   251 | D:2      | Reached XP level 2. HP: 11/22 MP: 0/5
   881 | D:1      | Reached skill level 1 in Fighting
  1336 | D:2      | Reached XP level 3. HP: 28/28 MP: 3/6
  1495 | D:2      | HP: 1/28 [poisoned by an adder]
  1498 | D:2      | Succumbed to an adder's poison

Illustrated notes

Levels and vault maps discovered:
D:1:      giann_bridges, layout_basic
D:2:      layout_loops_cross, uniq_sigmund

Skill      XL: |  1  2 |
---------------+-------+-----
Stealth        | 2 |  2.0
Fighting       | 1 |  1.3
Dodging        | |  1.8
Spellcasting   | |  2.5
Conjurations   | |  1.6
Fire Magic     | |  3.5

Action                   || total
-------------------------++-------
Melee: Unarmed           ||    19
       Tailslap          ||     2
       Club              ||     2
 Cast: Foxfire           ||    67
  Use: Scroll            ||     3
       Potion            ||     3
Armor: Skin              ||    14
Dodge: Dodged            ||    34

Table legend: (Time is in decaauts)
 A = Elapsed time spent in this place.
 B = Non-inter-level travel time spent in this place.
 C = Inter-level travel time spent in this place.
 D = Time resting spent in this place.
 E = Time spent auto-exploring this place.
 F = Levels seen in this place.
 G = Mean time per level.
                   A        B        C        D        E       F      G
               +--------+--------+--------+--------+--------+-----+--------+
         Total |   1500 |   1457 |     43 |    182 |   1078 |   2 |  750.0 |
       Dungeon |   1500 |   1457 |     43 |    182 |   1078 |   2 |  750.0 |
               +--------+--------+--------+--------+--------+-----+--------+

Top non-repeatable levels by time:
     D:1: 1162 daAuts
     D:2: 337 daAuts
